 Dungeon Sprint DCSS version 0.30-a0-469-g84de5afbc5 (webtiles) character file.

Game seed: 3751094528015843201

6000000 NinjaNoafa the Intangible (level 17, -12/104 HPs)
             Began as a Felid Wanderer on Dec 19, 2022.
             Was the Champion of Makhleb.
             Mangled by a destroyer
             ... wielding a +9 vorpal great sword
              (94 damage)
             ... in the Dungeon (Sprint VIII: "Arena of Blood").
             The game lasted 00:01:30 (60 turns).

NinjaNoafa the Intangible (Felid Wanderer)            Turns: 60, Time: 00:01:30

Health: -12/104    AC:  3    Str:  6    XL:     17   Next: 46%
Magic:  33/35      EV: 41    Int: 20    God:    Makhleb [******]
Gold:   0          SH:  0    Dex: 19    Spells: 18/18 levels left
                                        Lives:  0   Deaths: 4

rFire   + . .      SeeInvis +      - Unarmed
rCold   + . .      Faith    .    (shield unavailable)
rNeg    . . .      Spirit   .    (body armour unavailable)
rPois   .          Reflect  .    (helmet unavailable)
rElec   .          Harm     .    (cloak unavailable)
rCorr   .          Rampage  .    (gloves unavailable)
Will    ++...      NoTele   +    (boots unavailable)
Stlth   ++........               (no amulet)
HPRegen 0.37/turn                h - +27000 ring of slaying
MPRegen 0.24/turn                g - ring of protection from fire

@: quick
A: very small, claws 1, fangs 3, see invisible, speed 1, shaggy fur 3, stealthy
paws, no weapons or thrown items, no armour, multi-lived
a: Renounce Religion, Minor Destruction, Lesser Servant of Makhleb, Major
Destruction, Greater Servant of Makhleb


You were in the Dungeon.
You worshipped Makhleb.
Makhleb was exalted by your worship.
You visited 1 branch

Inventory:

Jewellery
 g - a ring of protection from fire (right paw)
 h - a +27000 ring of slaying (left paw)
Wands
 a - a wand of polymorph (5) (quivered)
Scrolls
 b - a scroll of blinking
Potions
 c - a potion of curing
 d - a potion of heal wounds
 e - a potion of haste
 f - 2 potions of magic


   Skills:
 O Level 27 Fighting
 O Level 27 Dodging
 O Level 27 Unarmed Combat
 - Level 1.0 Spellcasting
 O Level 27 Conjurations
 + Level 9.3 Ice Magic
 O Level 27 Air Magic
 O Level 27 Invocations
 O Level 27 Evocations


You had 18 spell levels left.
You didn't know any spells.
Your spell library contained the following spells:

 Spells                   Type           Power      Damage    Failure   Level
 Shock                    Conj/Air       100%       1d9       0%          1
 Freeze                   Ice            100%       1d10      1%          1
 Hailstorm                Conj/Ice       65%        3d14      1%          3
 Mephitic Cloud           Conj/Pois/Air  64%        N/A       1%          3
 Ozocubu's Armour         Ice            38%        N/A       1%          3


Dungeon Overview and Level Annotations

Branches:
Dungeon (1/1)

Altars:
Makhleb


Innate Abilities, Weirdness & Mutations

You have sharp claws.
You have razor-sharp teeth.
You have supernaturally acute eyesight. (SInv)
You cover ground quickly. (Speed+)
Your thick and shaggy fur keeps you warm. (AC +3, rC+)
Your paws help you pounce on unaware monsters.
You are incapable of wielding weapons or throwing items.
You cannot wear armour.
You gain extra lives every three experience levels.


Message History

The large bag of meat explodes!
The fiery explosion engulfs you!! You resist.
The fiery explosion engulfs the destroyer!! x2
The fiery explosion engulfs the meat berserker!
You are engulfed in blazing flames.
You resist.
You hear a shout!
The meat berserker rages.
You hear a shout!
The meat berserker is engulfed in blazing flames.
You hear a shout! x2
A bag of meat comes into view. It is wielding a +9 war axe.
The bag of meat completely misses you.
The destroyer is engulfed in blazing flames.
You hear a shout! x3
Your Conjurations skill increases to level 26!
Your Air Magic skill increases to level 26!
You eviscerate the bag of meat!!!!!!!!!!!!
You kill the bag of meat!
Makhleb accepts your kill.
You feel better.
You are engulfed in blazing flames.
You resist.
You hear a shout! x2
The meat berserker is engulfed in blazing flames.
The meat berserker hits you with a +9 battleaxe!!!
You hear a shout!
The meat berserker is engulfed in blazing flames.
You hear a shout!
You have mastered Conjurations!
You have mastered Air Magic!
You need to enable at least one skill for training.
Your Ice Magic skill gained 6 levels and is now at level 9!
You eviscerate the destroyer!!!!!!!!!!!!
You destroy the destroyer!
Makhleb accepts your kill.
You feel better.
You are engulfed in blazing flames.
You resist.
You hear a shout!
A bag of meat comes into view. It is wielding a +9 war axe. x3
The bag of meat is engulfed in blazing flames.
The destroyer is engulfed in blazing flames.
The destroyer hits you with a +9 vorpal great sword!!!!
Ouch! That really hurt!
You die...

.#oV. oO..o...
#.oo....o o.ozo...
#.....o...#VoO....
#....ooo..V..#O...
#.M.ooo..o#.O....#
#.O.O#....V..O§.z.
#oooO##...O.O.#.L.
#OOo..#V...†#...o.
#@OOo.O###......Oz
#§VoO.##V..o#..O§z
#§§§.#OoO.....#.V.
#...o#.....O....M.
#...o.o.....D....#
#....oo....o.....
#...oo............
#.........#o .....
#........#


You could see an accursed, 2 destroyers, 11 meat berserkers and 24 bags of meat.

Vanquished Creatures
  2 vampire knights (D)
  10 ogres (D)
  A two-headed ogre (D)
  2 liches (D)
  15 orcs (D)
  A skeletal warrior (D)
31 creatures vanquished.

Notes
Turn   | Place    | Note
-------+----------+-------------------------------------------
     0 | D        | NinjaNoafa the Felid Wanderer began the quest for the Orb.
     0 | D        | NinjaNoafa set off with the following items: a wand of
                  | polymorph (5), 2 scrolls of blinking, a potion of curing, a
                  | potion of heal wounds, a potion of haste, 2 potions of
                  | magic, a potion of berserk rage; and the following spells
                  | available to memorise: Freeze, Shock, Ozocubu's Armour,
                  | Hailstorm, Mephitic Cloud.
     0 | D        | Reached XP level 1. HP: 7/7 MP: 3/3
     2 | D        | Noticed a bag of meat
     3 | D        | Noticed a bag of meat
     3 | D        | Noticed a bag of meat
     5 | D        | Noticed a bag of meat
     5 | D        | Noticed a bag of meat
     5 | D        | Noticed a bag of meat
     6 | D        | Became a worshipper of Makhleb the Destroyer
     8 | D        | Killed a bag of meat
     9 | D        | Reached skill level 10 in Fighting
     9 | D        | Reached skill level 10 in Unarmed Combat
     9 | D        | Reached skill level 10 in Invocations
     9 | D        | Reached XP level 2. HP: 21/21 MP: 3/9
     9 | D        | Reached XP level 3. HP: 24/24 MP: 3/10
     9 | D        | Reached XP level 4. HP: 28/28 MP: 3/12
     9 | D        | Reached XP level 5. HP: 31/31 MP: 3/13
     9 | D        | Gained mutation: You are covered in thick fur. (AC +2)
                  | [Felid growth]
     9 | D        | Reached XP level 6. HP: 36/36 MP: 3/14
     9 | D        | Reached XP level 7. HP: 39/39 MP: 3/15
     9 | D        | Reached XP level 8. HP: 43/43 MP: 3/16
     9 | D        | Reached XP level 9. HP: 46/46 MP: 3/17
     9 | D        | Reached XP level 10. HP: 51/51 MP: 3/18
     9 | D        | Killed a bag of meat
     9 | D        | Reached * piety under Makhleb
     9 | D        | Noticed a bag of meat
     9 | D        | Noticed a meat berserker
    10 | D        | Reached skill level 10 in Conjurations
    10 | D        | Reached skill level 10 in Air Magic
    10 | D        | Reached XP level 11. HP: 57/57 MP: 3/20
    10 | D        | Killed a bag of meat
    10 | D        | Noticed a bag of meat
    11 | D        | Gained mutation: Your thick and shaggy fur keeps you warm.
                  | (AC +3, rC+) [Felid growth]
    11 | D        | Reached XP level 12. HP: 25/61 MP: 3/22
    11 | D        | Killed a bag of meat
    11 | D        | Noticed a meat berserker
    11 | D        | Noticed a bag of meat
    12 | D        | Reached skill level 15 in Evocations
    12 | D        | Reached XP level 13. HP: 27/66 MP: 3/24
    12 | D        | Killed a bag of meat
    12 | D        | Reached ** piety under Makhleb
    12 | D        | Noticed a meat berserker
    13 | D        | Demolished by a bag of meat
    14 | D        | Reached XP level 12. HP: -14/64 MP: 3/23
    14 | D        | Noticed a meat berserker
    14 | D        | Noticed a meat berserker
    15 | D        | Noticed a bag of meat
    16 | D        | Killed a meat berserker
    16 | D        | Noticed a bag of meat
    16 | D        | Noticed a bag of meat
    16 | D        | Noticed a bag of meat
    17 | D        | Reached skill level 15 in Fighting
    17 | D        | Reached skill level 15 in Unarmed Combat
    17 | D        | Reached skill level 15 in Invocations
    17 | D        | Reached XP level 13. HP: 12/69 MP: 23/25
    18 | D        | Noticed a bag of meat
    18 | D        | Noticed a meat berserker
    18 | D        | Demolished by a meat berserker
    19 | D        | Reached XP level 12. HP: -15/66 MP: 24/24
    19 | D        | Noticed a bag of meat
    19 | D        | Noticed a bag of meat
    19 | D        | Noticed a bag of meat
    19 | D        | Noticed a bag of meat
    19 | D        | Noticed a meat berserker
    19 | D        | Noticed a bag of meat
    19 | D        | Noticed a meat berserker
    19 | D        | Noticed a bag of meat
    20 | D        | Killed a meat berserker
    20 | D        | Noticed a meat berserker
    21 | D        | Reached skill level 15 in Conjurations
    21 | D        | Reached skill level 15 in Air Magic
    21 | D        | Reached XP level 13. HP: 71/71 MP: 24/26
    22 | D        | Killed a meat berserker
    22 | D        | Reached *** piety under Makhleb
    23 | D        | Reached XP level 14. HP: 76/76 MP: 24/27
    23 | D        | Killed a bag of meat
    24 | D        | Killed a bag of meat
    25 | D        | Killed a meat berserker
    25 | D        | Noticed a large bag of meat
    26 | D        | Reached XP level 15. HP: 82/82 MP: 24/29
    27 | D        | Reached **** piety under Makhleb
    29 | D        | Noticed a meat berserker
    30 | D        | Noticed a destroyer
    30 | D        | Noticed a meat berserker
    31 | D        | Killed a meat berserker
    31 | D        | Reached ***** piety under Makhleb
    32 | D        | Reached XP level 16. HP: 90/90 MP: 25/31
    32 | D        | Killed a meat berserker
    34 | D        | Reached skill level 27 in Dodging
    34 | D        | Killed a destroyer
    35 | D        | Killed a meat berserker
    35 | D        | Noticed a destroyer
    36 | D        | Reached XP level 17. HP: 98/98 MP: 25/33
    36 | D        | Killed a meat berserker
    37 | D        | Noticed a meat berserker
    37 | D        | Noticed a large bag of meat
    38 | D        | Noticed a meat berserker
    38 | D        | Noticed a large bag of meat
    39 | D        | Noticed a large bag of meat
    39 | D        | Noticed a destroyer
    39 | D        | Noticed a meat berserker
    39 | D        | Annihilated by a destroyer
    39 | D        | Noticed a large bag of meat
    40 | D        | Reached XP level 16. HP: -31/142 MP: 26/33
    40 | D        | Noticed a sculptor of flesh
    40 | D        | Noticed a destroyer
    40 | D        | Noticed a meat berserker
    40 | D        | Noticed a sculptor of flesh
    40 | D        | Noticed a sculptor of flesh
    42 | D        | Noticed a meat berserker
    43 | D        | Noticed a destroyer
    43 | D        | Noticed a destroyer
    43 | D        | Noticed a meat berserker
    43 | D        | Noticed a sculptor of flesh
    43 | D        | Noticed a meat berserker
    43 | D        | Noticed an eight-headed meat hydra
    44 | D        | Noticed a meat berserker
    44 | D        | Noticed a destroyer
    44 | D        | Noticed a meat berserker
    45 | D        | Noticed an accursed
    45 | D        | Noticed a tyrant
    45 | D        | Noticed a meat berserker
    45 | D        | HP: 1/95 [destroyer/+9 vorpal great sword (7)]
    46 | D        | Noticed a meat berserker
    46 | D        | Noticed a meat berserker
    46 | D        | Noticed a destroyer
    46 | D        | Noticed a meat berserker
    46 | D        | Noticed a meat berserker
    46 | D        | Noticed a meat berserker
    46 | D        | Noticed a meat berserker
    46 | D        | Noticed a meat berserker
    46 | D        | Noticed a destroyer
    46 | D        | Noticed a destroyer
    46 | D        | Noticed a destroyer
    46 | D        | Noticed a destroyer
    46 | D        | Noticed a destroyer
    46 | D        | Noticed a large bag of meat
    47 | D        | Noticed a meat berserker
    47 | D        | Noticed a destroyer
    47 | D        | Noticed a destroyer
    47 | D        | Noticed a large bag of meat
    47 | D        | Noticed a tyrant
    47 | D        | Killed from afar by an accursed
    48 | D        | Reached XP level 15. HP: -10/91 MP: 32/32
    48 | D        | Noticed a sculptor of flesh
    48 | D        | Noticed a tyrant
    48 | D        | Killed a tyrant
    49 | D        | Reached skill level 27 in Evocations
    49 | D        | Reached XP level 16. HP: 96/96 MP: 33/33
    49 | D        | Killed a tyrant
    53 | D        | Noticed a meat berserker
    55 | D        | Killed a meat berserker
    55 | D        | Reached ****** piety under Makhleb
    56 | D        | Noticed a meat berserker
    56 | D        | Killed a sculptor of flesh
    57 | D        | Killed a meat berserker
    58 | D        | Reached skill level 27 in Fighting
    58 | D        | Reached skill level 27 in Unarmed Combat
    58 | D        | Reached skill level 27 in Invocations
    58 | D        | Reached XP level 17. HP: 98/104 MP: 33/35
    58 | D        | Noticed an accursed
    58 | D        | Killed a large bag of meat
    60 | D        | Reached skill level 27 in Conjurations
    60 | D        | Reached skill level 27 in Air Magic
    60 | D        | Killed a destroyer
    60 | D        | Mangled by a destroyer

Illustrated notes

Levels and vault maps discovered:
D:        meatsprint

Skill      XL: |  1  2  3  4  5  6  7  8  9 10 11 12 13 14 15 16 17 |
---------------+----------------------------------------------------+-----
Fighting       | 10 11 12 16 17 18 20 27 24 | 27.0
Dodging        | 12 14 16 20 21 23 25 27 | 27.0
Unarmed Combat | 10 11 12 16 17 18 20 27 24 | 27.0
Conjurations   | 9 10 11 15 13 17 23 25 27 | 27.0
Air Magic      | 9 10 11 15 16 17 23 25 27 | 27.0
Invocations    | 10 11 12 16 17 18 20 27 24 | 27.0
Evocations     | 11 13 14 18 20 27 25 26 | 27.0
Ice Magic      | 9 |  9.3
Spellcasting   | |  1.0

Action                   |  1- 3 |  4- 6 |  7- 9 | 10-12 | 13-15 | 16-18 || total
-------------------------+-------+-------+-------+-------+-------+-------++-------
Melee: Unarmed           |     1 |       |       |     5 |    10 |    15 ||    31
       Punch             |       |       |       |       |       |     1 ||     1
Invok: Major Destruction |       |       |       |       |       |     2 ||     2
       Lesser Servant of |       |       |       |       |       |     1 ||     1
       Greater Servant o |       |       |       |       |       |     1 ||     1
  Use: Potion            |       |       |       |       |     1 |       ||     1
       Scroll            |       |       |       |       |       |     1 ||     1
Dodge: Dodged            |       |       |       |       |     1 |     1 ||     2

Table legend: (Time is in decaauts)
 A = Elapsed time spent in this place.
 B = Non-inter-level travel time spent in this place.
 C = Inter-level travel time spent in this place.
 D = Time resting spent in this place.
 E = Time spent auto-exploring this place.
 F = Levels seen in this place.
 G = Mean time per level.
                   A        B        C        D        E       F      G
               +--------+--------+--------+--------+--------+-----+--------+
         Total |     41 |     41 |      0 |      0 |      0 |   1 |   41.0 |
       Dungeon |     41 |     41 |      0 |      0 |      0 |   1 |   41.0 |
               +--------+--------+--------+--------+--------+-----+--------+

Top non-repeatable levels by time:
       D: 41 daAuts
